 Dungeon Crawl Stone Soup version 0.30.1-3-gfc49f6343a (webtiles) character file.

Game seed: 11838863096315304918

7 leafyfresh the Covert (level 2, -5/29 HPs)
             Began as a Gnoll Delver on Aug 4, 2023.
             Slain by an iguana (10 damage)
             ... on level 5 of the Dungeon.
             The game lasted 00:00:09 (184 turns).

leafyfresh the Covert (Gnoll Delver)                 Turns: 184, Time: 00:00:09

Health: -5/29      AC:  3    Str: 11    XL:     2   Next: 0%
Magic:  2/2        EV: 13    Int:  9    God:
Gold:   69         SH:  0    Dex: 13    Spells: 1/1 levels left

rFire   . . .        a - +0 short sword
rCold   . . .        (no shield)
rNeg    . . .        b - +0 leather armour
rPois   .            (no helmet)
rElec   .            (no cloak)
rCorr   .            (no gloves)
SInv    .            (no boots)
Will    .....        (no amulet)
Stlth   ++++         (no ring)
HPRegen 0.24/turn    (no ring)
MPRegen 0.08/turn

%: no passive effects
@: no status effects
A: fangs 1, strong nose, distributed training
a: no special abilities


You were on level 5 of the Dungeon.
You visited 1 branch of the dungeon, and saw 1 of its levels.

You collected 69 gold pieces.

Inventory:

Hand Weapons
 a - a +0 short sword (weapon)
Armour
 b - a +0 leather armour (worn)
Wands
 g - a wand of digging (3)
Scrolls
 c - a scroll of fog
 d - a scroll of magic mapping
 e - a scroll of fear
 i - a scroll of teleportation {unknown}
Potions
 f - a potion of haste
 h - 2 potions of attraction {unknown}


   Skills:
 + Level 6.4 Fighting
 + Level 4.4 Short Blades
 + Level 0.2 Long Blades
 + Level 0.2 Axes
 + Level 0.2 Maces & Flails
 + Level 0.2 Polearms
 + Level 0.2 Staves
 + Level 0.2 Ranged Weapons
 + Level 0.2 Throwing
 + Level 0.2 Armour
 + Level 4.4 Dodging
 + Level 9.5 Stealth
 + Level 0.2 Shields
 + Level 0.2 Unarmed Combat
 + Level 0.2 Spellcasting
 + Level 0.1 Conjurations
 + Level 0.1 Hexes
 + Level 0.1 Summonings
 + Level 0.1 Necromancy
 + Level 0.1 Translocations
 + Level 0.1 Transmutations
 + Level 0.1 Fire Magic
 + Level 0.1 Ice Magic
 + Level 0.1 Air Magic
 + Level 0.1 Earth Magic
 + Level 0.1 Poison Magic
 + Level 0.3 Invocations
 + Level 0.2 Evocations


You had one spell level left.
You didn't know any spells.
Your spell library was empty.

Dungeon Overview and Level Annotations

Branches:
Dungeon (5/15)
 Temple: D:4-7

Altars:


Innate Abilities, Weirdness & Mutations

You have very sharp teeth.
Your uncanny sense of smell can sniff out nearby items.
Your experience applies equally to all skills.


Message History

Press ? for a list of commands and other information.
Found 65 gold pieces.
Found a stone staircase leading down.
You now have 15 gold pieces.
You now have 27 gold pieces (gained 12).
You now have 39 gold pieces (gained 12).
You now have 53 gold pieces (gained 14).
There is a fountain of sparkling water here.
You now have 65 gold pieces (gained 12).
You now have 69 gold pieces (gained 4).
h - 2 bubbling orange potions No target in view!
i - a scroll labelled HOXTOWN SIBLAR No target in view!
You open the door.
There is an open door here.
There is an open door here.
Found a stone staircase leading up.
A white imp comes into view.
A white imp is nearby!
A white imp is nearby!
The helpless white imp fails to defend itself.
You impale the white imp!!
You kill the white imp!
You have reached level 2!
There is a stone staircase leading up here.
An iguana and a hound come into view.
Found a stone staircase leading up.
There are monsters nearby!
An iguana is nearby!
The iguana hisses angrily.
You hit the iguana but do no damage. Your bite misses the iguana.
The iguana bites you!
You hit the iguana but do no damage. The iguana bites you!
* * * LOW HITPOINT WARNING * * *
You are too injured to fight recklessly!
You are too injured to fight recklessly!
Unknown command.
The iguana attacks as you move away! The iguana closely misses you.
The iguana attacks as you move away! The iguana bites you!
You die...

##...........# ###
#........###... ...#
#..#.###.# ######.#
#..#..##.# ##....#.
#..##.##.# #.....#
#..##.##.# #.....#
#........# #.....#
#........# #l##.##
#.<.#.##.####@#...##
#.######..........$..
###.#
####.####.#...###
.#...# #....# #....##
.#.### #.##.# #.#.##
.#.#####.##.# #...#
.#.......##.# ... <
###########.# .#h# #
.#.... #.# .#


You could see an iguana and a hound (asleep).

Vanquished Creatures
  A white imp (D:5)
1 creature vanquished.

Notes
Turn   | Place    | Note
-------+----------+-------------------------------------------
     0 | D:5      | Reached skill level 9 in Stealth
     0 | D:5      | leafyfresh the Gnoll Delver began the quest for the Orb.
     0 | D:5      | Reached XP level 1. HP: 23/23 MP: 1/1
   138 | D:5      | Reached XP level 2. HP: 29/29 MP: 2/2
   184 | D:5      | Slain by an iguana

Illustrated notes

Levels and vault maps discovered:
D:5:      layout_loops_corners, serial_co_window_serial,
          co_window_of_opportunity_a, co_window_of_opportunity_a,
          co_window_corner_a, co_window_corner_a, co_window_of_opportunity_a,
          co_window_corner_b, co_window_broadway_a, co_window_2corner,
          co_window_broadway_a, co_window_paths_e, co_window_4corner_a,
          glass_columns_c, glass_columns_b, dreamdust_wishing_well

Skill      XL: | |
---------------+-+-----
Stealth        | |  9.5
Fighting       | |  6.4
Short Blades   | |  4.4
Long Blades    | |  0.2
Axes           | |  0.2
Maces & Flails | |  0.2
Polearms       | |  0.2
Staves         | |  0.2
Ranged Weapons | |  0.2
Throwing       | |  0.2
Armour         | |  0.2
Dodging        | |  4.4
Shields        | |  0.2
Unarmed Combat | |  0.2
Spellcasting   | |  0.2
Conjurations   | |  0.1
Hexes          | |  0.1
Summonings     | |  0.1
Necromancy     | |  0.1
Translocations | |  0.1
Transmutations | |  0.1
Fire Magic     | |  0.1
Ice Magic      | |  0.1
Air Magic      | |  0.1
Earth Magic    | |  0.1
Poison Magic   | |  0.1
Invocations    | |  0.3
Evocations     | |  0.2

Action                     || total
---------------------------++-------
  Melee: Short sword       ||     3
   Stab: Sleeping          ||     1
  Dodge: Dodged            ||     1
